HSSL
HUNTSVILLE HS WASPS @ BROOKLINE HS WARRIORS
04/01/2028
 
TOP OF THE 1ST
Huntsville HS Wasps batting - Pitching for Brookline HS Warriors : LHP Jesús Garza
Pitching: LHP Jesús Garza
Batting: SHB José Chávez 0-0: Ball
1-0: Called Strike
1-1: Foul Ball, location: 2F
1-2: Ground out 5-3 (Groundball, 5)
Batting: RHB Esteban Garza 0-0: Called Strike
0-1: Ball
1-1: Ball
2-1: Foul Ball, location: 2F
2-2: Strikes out swinging
Batting: RHB Christian Porter 0-0: Called Strike
0-1: Called Strike
0-2: Ball
1-2: Ball
2-2: Ball
3-2: Ground out 6-3 (Groundball, 6)
Top of the 1st over - 0 run(s), 0 hit(s), 0 error(s), 0 left on base; Huntsville HS 0 - Brookline HS 0
BOTTOM OF THE 1ST
Brookline HS Warriors batting - Pitching for Huntsville HS Wasps : RHP Doug Acevedo
Pitching: RHP Doug Acevedo
Batting: RHB Gilbert Bentley 0-0: Ball
1-0: Foul Ball, location: 2F
1-1: Foul Ball, location: 2F
1-2: SINGLE (Line Drive, 34D)
Batting: RHB Travis Kramer 0-0: Called Strike
0-1: Ball
1-1: Ball
2-1: Ball
3-1: Foul Ball, location: 2F
3-2: Fly out, F9 (Flyball, 9S)
Batting: RHB Raúl Rivera 0-0: Ball
1-0: Called Strike
1-1: Swinging Strike
1-2: Strikes out looking
Batting: RHB John Warren 0-0: Ball
1-0: Foul Ball, location: 2F
1-1: Ball
2-1: Ball
3-1: Foul Ball, location: 2F
3-2: Foul Ball, location: 2F
3-2: Strikes out swinging
Bottom of the 1st over - 0 run(s), 1 hit(s), 0 error(s), 1 left on base; Huntsville HS 0 - Brookline HS 0
TOP OF THE 2ND
Huntsville HS Wasps batting - Pitching for Brookline HS Warriors : LHP Jesús Garza
Batting: RHB Charlie Harris 0-0: Called Strike
0-1: Ground out 6-3 (Groundball, 6)
Batting: RHB David Kemp 0-0: Ball
1-0: Ball
2-0: Called Strike
2-1: Foul Ball, location: 2F
2-2: Strikes out swinging
Batting: RHB Travis Baker 0-0: Ball
1-0: Foul Ball, location: 2F
1-1: SINGLE (Groundball, 34) (infield hit)
Batting: LHB Eddie Nealon 0-0: Ball
1-0: Called Strike
1-1: Ball
2-1: Called Strike
2-2: Foul Ball, location: 2F
2-2: Ball
3-2: Fly out, F5 (Popup, 5S)
Top of the 2nd over - 0 run(s), 1 hit(s), 0 error(s), 1 left on base; Huntsville HS 0 - Brookline HS 0
BOTTOM OF THE 2ND
Brookline HS Warriors batting - Pitching for Huntsville HS Wasps : RHP Doug Acevedo
Batting: RHB León Colón 0-0: Ball
1-0: Called Strike
1-1: Foul Ball, location: 2F
1-2: Ball
2-2: Ball
3-2: Base on Balls
Batting: RHB Ed Vega 0-0: Called Strike
0-1: Foul Ball, location: 2F
0-2: Fly out, F5 (Line Drive, 5F)
Batting: LHB Lou Robinson 0-0: Ball
Pickoff Throw to First - Out!
1-0: Ground out U3 (Groundball, 23)
Bottom of the 2nd over - 0 run(s), 0 hit(s), 0 error(s), 0 left on base; Huntsville HS 0 - Brookline HS 0
TOP OF THE 3RD
Huntsville HS Wasps batting - Pitching for Brookline HS Warriors : LHP Jesús Garza
Batting: RHB Jim Mak 0-0: Foul Ball, location: 2F
0-1: Called Strike
0-2: Strikes out swinging
Batting: RHB Dave Stroud 0-0: Swinging Strike
0-1: Foul Ball, location: 2F
0-2: Fly out, F9 (Flyball, 9S)
Batting: SHB José Chávez 0-0: Foul Ball, location: 2F
0-1: Foul Ball, location: 2F
0-2: Ball
1-2: Ball
2-2: Ball
3-2: SINGLE (Groundball, 4MD)
Batting: RHB Esteban Garza 0-0: Ball
1-0: Ball
2-0: Called Strike
2-1: Foul Ball, location: 2F
2-2: Strikes out looking
Top of the 3rd over - 0 run(s), 1 hit(s), 0 error(s), 1 left on base; Huntsville HS 0 - Brookline HS 0
BOTTOM OF THE 3RD
Brookline HS Warriors batting - Pitching for Huntsville HS Wasps : RHP Doug Acevedo
Batting: RHB Cole Gray 0-0: Ground out 6-3 (Groundball, 6)
Batting: LHB Bailey Mrazek 0-0: Called Strike
0-1: Called Strike
0-2: Ball
1-2: Ground out 4-3 (Groundball, 34)
Batting: RHB Gilbert Bentley 0-0: Ball
1-0: Called Strike
1-1: Foul Ball, location: 2F
1-2: Ground out 6-3 (Groundball, 6)
Bottom of the 3rd over - 0 run(s), 0 hit(s), 0 error(s), 0 left on base; Huntsville HS 0 - Brookline HS 0
TOP OF THE 4TH
Huntsville HS Wasps batting - Pitching for Brookline HS Warriors : LHP Jesús Garza
Batting: RHB Christian Porter 0-0: Foul Ball, location: 2F
0-1: Fly out, F9 (Flyball, 9)
Batting: RHB Charlie Harris 0-0: Ball
1-0: Ball
2-0: Called Strike
2-1: Foul Ball, location: 2F
2-2: Foul Ball, location: 2F
2-2: Ball
3-2: Base on Balls
Batting: RHB David Kemp 0-0: Called Strike
0-1: Ball
1-1: Foul Ball, location: 2F
1-2: Ball
2-2: Strikes out swinging
Batting: RHB Travis Baker 0-0: Called Strike
0-1: Ball
1-1: Called Strike
1-2: Fielders Choice at 2nd, 4-6 (Groundball, 4)
Top of the 4th over - 0 run(s), 0 hit(s), 0 error(s), 0 left on base; Huntsville HS 0 - Brookline HS 0
BOTTOM OF THE 4TH
Brookline HS Warriors batting - Pitching for Huntsville HS Wasps : RHP Doug Acevedo
Batting: RHB Travis Kramer 0-0: Ball
1-0: Swinging Strike
1-1: SINGLE (Groundball, 4D)
Batting: RHB Raúl Rivera 0-0: Ball
1-0: Ball
2-0: Called Strike
2-1: Ball
3-1: SINGLE (Groundball, 4MD)
Travis Kramer to second
Runner from 2nd tries for 3rd, SAFE, no throw
Batting: RHB John Warren 0-0: Ball
1-0: Called Strike
1-1: Swinging Strike
1-2: Foul Ball, location: 2F
1-2: Strikes out swinging
Batting: RHB León Colón 0-0: Swinging Strike
0-1: Foul Ball, location: 2F
0-2: Ball
1-2: Foul Ball, location: 2F
1-2: Ball
2-2: Ball
3-2: Foul Ball, location: 2F
3-2: SINGLE (Groundball, 6MD)
Travis Kramer scores
Raúl Rivera to second
Runner from 2nd tries for 3rd, SAFE, no throw
Batting: RHB Ed Vega 0-0: Ball
1-0: Called Strike
1-1: Foul Ball, location: 2F
1-2: Ball
2-2: Grounds into double play, 5-4-3 (Groundball, 56)
Bottom of the 4th over - 1 run(s), 3 hit(s), 0 error(s), 1 left on base; Huntsville HS 0 - Brookline HS 1
TOP OF THE 5TH
Huntsville HS Wasps batting - Pitching for Brookline HS Warriors : LHP Jesús Garza
Batting: LHB Eddie Nealon 0-0: Called Strike
0-1: Called Strike
0-2: Strikes out looking
Batting: RHB Jim Mak 0-0: Foul Ball, location: 2F
0-1: Foul Ball, location: 2F
0-2: Foul Ball, location: 2F
0-2: Ball
1-2: Foul Ball, location: 2F
1-2: Foul Ball, location: 2F
1-2: Ball
2-2: Ball
3-2: Fly out, F5 (Line Drive, 5)
Batting: RHB Dave Stroud 0-0: Ball
1-0: Ball
2-0: Fly out, F3 (Popup, 34S)
Top of the 5th over - 0 run(s), 0 hit(s), 0 error(s), 0 left on base; Huntsville HS 0 - Brookline HS 1
BOTTOM OF THE 5TH
Brookline HS Warriors batting - Pitching for Huntsville HS Wasps : RHP Doug Acevedo
Batting: LHB Lou Robinson 0-0: Called Strike
0-1: Ball
1-1: Ball
2-1: Reached on error, E3 (Groundball, 3)
Batting: RHB Cole Gray 0-0: Grounds into double play, 5-4-3 (Groundball, 56)
Batting: LHB Bailey Mrazek 0-0: Ball
1-0: Called Strike
1-1: Ground out 4-3 (Groundball, 4)
Bottom of the 5th over - 0 run(s), 0 hit(s), 1 error(s), 0 left on base; Huntsville HS 0 - Brookline HS 1
TOP OF THE 6TH
Huntsville HS Wasps batting - Pitching for Brookline HS Warriors : LHP Jesús Garza
Pitching: RHP Danny McCabe
Batting: SHB José Chávez 0-0: Called Strike
0-1: DOUBLE (Flyball, 8RXD)
Batting: RHB Esteban Garza 0-0: Ball
1-0: Foul Ball, location: 2F
1-1: SINGLE (Groundball, 56) (infield hit)
José Chávez to third
Batting: RHB Christian Porter 0-0: Swinging Strike
0-1: Ball
1-1: Foul Ball, location: 2F
1-2: Ball
2-2: Fly out, F4 (Popup, 4D)
Batting: RHB Charlie Harris 0-0: Ball
1-0: Reached via error on a dropped throw, E4
José Chávez scores
Esteban Garza to second
Batting: RHB David Kemp 0-0: Ball
1-0: Ball
Esteban Garza is caught stealing 3rd base
Charlie Harris to second
2-0: Ball
3-0: Called Strike
3-1: Swinging Strike
3-2: Foul Ball, location: 2F
3-2: Base on Balls
Batting: RHB Travis Baker 0-0: Called Strike
0-1: Foul Ball, location: 2F
0-2: Ball
1-2: Fly out, F7 (Line Drive, 78M)
Top of the 6th over - 1 run(s), 2 hit(s), 1 error(s), 2 left on base; Huntsville HS 1 - Brookline HS 1
BOTTOM OF THE 6TH
Brookline HS Warriors batting - Pitching for Huntsville HS Wasps : RHP Doug Acevedo
Batting: RHB Gilbert Bentley 0-0: Ball
1-0: Foul Ball, location: 2F
1-1: Called Strike
1-2: Strikes out looking
Batting: RHB Travis Kramer 0-0: Ball
1-0: Foul Ball, location: 2F
1-1: Ball
2-1: Swinging Strike
2-2: Ground out 5-3 (Groundball, 2L)
Batting: RHB Raúl Rivera 0-0: Ball
1-0: Ball
2-0: Ball
3-0: Called Strike
3-1: Foul Ball, location: 2F
3-2: SOLO HOME RUN (Flyball, 7LD), Distance : 363 ft
Batting: RHB John Warren 0-0: Swinging Strike
0-1: Called Strike
0-2: Foul Ball, location: 2F
0-2: Strikes out swinging
Bottom of the 6th over - 1 run(s), 1 hit(s), 0 error(s), 0 left on base; Huntsville HS 1 - Brookline HS 2
TOP OF THE 7TH
Huntsville HS Wasps batting - Pitching for Brookline HS Warriors : RHP Danny McCabe
Batting: LHB Eddie Nealon 0-0: Ball
1-0: Ball
2-0: Foul Ball, location: 2F
2-1: SOLO HOME RUN (Flyball, 78D), Distance : 434 ft
Batting: RHB Jim Mak 0-0: Called Strike
0-1: Called Strike
0-2: Ball
1-2: Ball
2-2: Foul Ball, location: 2F
2-2: Strikes out looking
Batting: RHB Dave Stroud 0-0: SINGLE (Groundball, 56) (infield hit)
Batting: SHB José Chávez 0-0: Called Strike
0-1: Called Strike
0-2: Ball
1-2: Ball
2-2: Ball
3-2: Foul Ball, location: 2F
3-2: SINGLE (Line Drive, 6MD)
Dave Stroud to second
Batting: RHB Esteban Garza 0-0: Ball
1-0: Foul Ball, location: 2F
1-1: Ball
2-1: Swinging Strike
2-2: Foul Ball, location: 2F
2-2: Strikes out looking
Batting: RHB Christian Porter 0-0: Called Strike
0-1: Called Strike
0-2: Ball
1-2: Strikes out looking
Top of the 7th over - 1 run(s), 3 hit(s), 0 error(s), 2 left on base; Huntsville HS 2 - Brookline HS 2
BOTTOM OF THE 7TH
Brookline HS Warriors batting - Pitching for Huntsville HS Wasps : RHP Doug Acevedo
Pitching: RHP Terrence Johnson
Batting: RHB León Colón 0-0: Ball
1-0: Ground out 4-3 (Groundball, 4)
Batting: RHB Ed Vega 0-0: Swinging Strike
0-1: Called Strike
0-2: Strikes out swinging
Pitching: LHP Michael Bowles
Batting: LHB Lou Robinson 0-0: Foul Ball, location: 2F
0-1: Ball
1-1: Foul Ball, location: 2F
1-2: SINGLE (Groundball, 4D)
Batting: RHB Cole Gray 0-0: Called Strike
Lou Robinson is caught stealing 2nd base
Bottom of the 7th over - 0 run(s), 1 hit(s), 0 error(s), 0 left on base; Huntsville HS 2 - Brookline HS 2
TOP OF THE 8TH
Huntsville HS Wasps batting - Pitching for Brookline HS Warriors : RHP Danny McCabe
Pitching: RHP Phil Ashford
Batting: RHB Charlie Harris 0-0: Ball
1-0: Ball
2-0: Ball
3-0: Called Strike
3-1: DOUBLE (Flyball, 89XD)
Batting: RHB David Kemp 0-0: Ball
1-0: Foul Ball, location: 2F
1-1: Ball
2-1: Foul Ball, location: 2F
2-2: Ball
3-2: Strikes out looking
Batting: RHB Travis Baker 0-0: Called Strike
0-1: Foul Ball, location: 2F
0-2: SINGLE (Line Drive, 34D)
Charlie Harris to third
Batting: LHB Eddie Nealon 0-0: Called Strike
0-1: Called Strike
0-2: Fly out, F4 (Popup, 34D)
Batting: RHB Jim Mak Pickoff Throw to First - Out!
Top of the 8th over - 0 run(s), 2 hit(s), 0 error(s), 0 left on base; Huntsville HS 2 - Brookline HS 2
BOTTOM OF THE 8TH
Brookline HS Warriors batting - Pitching for Huntsville HS Wasps : LHP Michael Bowles
Batting: RHB Cole Gray 0-0: Called Strike
0-1: Foul Ball, location: 2F
0-2: Strikes out swinging
Pitching: RHP Skip Robinson
Pinch Hitting: RHB John Brown 0-0: Ball
1-0: Ball
2-0: Called Strike
2-1: Ball
3-1: Base on Balls
Batting: RHB Gilbert Bentley 0-0: Called Strike
John Brown is caught stealing 2nd base
0-1: Ball
1-1: Foul Ball, location: 2F
1-2: Ball
2-2: Ball
3-2: Foul Ball, location: 2F
3-2: Base on Balls
Batting: RHB Travis Kramer 0-0: Ball
1-0: Ball
2-0: Called Strike
2-1: Foul Ball, location: 2F
2-2: Fielders Choice at 2nd, 6-4 (Groundball, 56)
Bottom of the 8th over - 0 run(s), 0 hit(s), 0 error(s), 0 left on base; Huntsville HS 2 - Brookline HS 2
TOP OF THE 9TH
Huntsville HS Wasps batting - Pitching for Brookline HS Warriors : RHP Phil Ashford
Pitching: RHP Malcolm Anderson
Now at 2B: Paco Cabrera
Batting: RHB Jim Mak 0-0: Ball
1-0: SINGLE (Line Drive, 7S)
Batting: RHB Dave Stroud
Pinch Hitting: RHB Pete Rudder 0-0: Grounds into double play, 6-4-3 (Groundball, 6MD)
Batting: SHB José Chávez 0-0: Called Strike
0-1: Swinging Strike
0-2: Ball
1-2: Foul Ball, location: 2F
1-2: Ball
2-2: Fly out, F7 (Flyball, 7S)
Top of the 9th over - 0 run(s), 1 hit(s), 0 error(s), 0 left on base; Huntsville HS 2 - Brookline HS 2
BOTTOM OF THE 9TH
Brookline HS Warriors batting - Pitching for Huntsville HS Wasps : RHP Skip Robinson
Pitching: RHP Keith Flores
Now at 3B: Mike Kennedy
Batting: RHB Raúl Rivera 0-0: Ball
1-0: Swinging Strike
1-1: Ground out 6-3 (Groundball, 56)
Batting: RHB John Warren 0-0: Ball
1-0: Called Strike
1-1: Foul Ball, location: 2F
1-2: Foul Ball, location: 2F
1-2: Strikes out swinging
Batting: RHB León Colón 0-0: Called Strike
0-1: Ball
1-1: DOUBLE (Line Drive, 89M)
Batting: RHB Ed Vega 0-0: Ball
1-0: Ball
2-0: SINGLE (Line Drive, 8LS)
León Colón to third
Runner from 3rd tries for Home, SAFE, no throw
Tuesday, August 8th, 2017 - OOTP Baseball 17.12 Build 75